3AAA
HAMILTON COYOTES @ SCRANTON SUPERNOVAS
09/15/2023
 
TOP OF THE 1ST
Hamilton Coyotes batting - Pitching for Scranton Supernovas : RHP Victor Brey
Pitching: RHP Victor Brey
Batting: RHB Monty Sharp 0-0: Ground out 6-3 (Groundball, 6)
Batting: RHB Carlos Mercado 0-0: Ball
1-0: Ball
2-0: Ball
3-0: Called Strike
3-1: Foul Ball, location: 2F
3-2: Ground out 6-3 (Groundball, 6)
Batting: RHB Stan Pierce 0-0: Fly out, F9 (Flyball, 9D)
Top of the 1st over - 0 run(s), 0 hit(s), 0 error(s), 0 left on base; Hamilton 0 - Scranton 0
BOTTOM OF THE 1ST
Scranton Supernovas batting - Pitching for Hamilton Coyotes : RHP António Fabián
Pitching: RHP António Fabián
Batting: RHB Keith MacKey 0-0: Ground out 6-3 (Groundball, 6M)
Batting: LHB Francisco Ortega 0-0: Called Strike
0-1: Ball
1-1: Ball
2-1: Ball
3-1: Base on Balls
Batting: RHB Brad Jacobson 0-0: Ball
1-0: Grounds into double play, 6-4-3 (Groundball, 6)
Bottom of the 1st over - 0 run(s), 0 hit(s), 0 error(s), 0 left on base; Hamilton 0 - Scranton 0
TOP OF THE 2ND
Hamilton Coyotes batting - Pitching for Scranton Supernovas : RHP Victor Brey
Batting: RHB Ron Clark 0-0: Foul Ball, location: 2F
0-1: Foul Ball, location: 2F
0-2: Foul Ball, location: 2F
0-2: Strikes out looking
Batting: RHB Dan Bernard 0-0: Ball
1-0: Ball
2-0: Ball
3-0: Called Strike
3-1: Base on Balls
Batting: LHB Lance Schiffer 0-0: Swinging Strike
0-1: Fly out, F4 (Line Drive, 4)
Batting: RHB Héctor Rojas 0-0: Ball
Dan Bernard steals 2nd base
1-0: Called Strike
1-1: Ball
2-1: Ground out 1-3 (Groundball, 25)
Top of the 2nd over - 0 run(s), 0 hit(s), 0 error(s), 1 left on base; Hamilton 0 - Scranton 0
BOTTOM OF THE 2ND
Scranton Supernovas batting - Pitching for Hamilton Coyotes : RHP António Fabián
Batting: RHB Martín Álvarez 0-0: Ball
1-0: SINGLE (Line Drive, 3D)
Batting: RHB Ethan Stanford 0-0: Ball
1-0: Foul Ball, location: 2F
1-1: Swinging Strike
1-2: Ball
2-2: Fly out, F4 (Popup, 4MD)
Batting: LHB Neal Hart 0-0: Foul Ball, location: 2F
0-1: Foul Ball, location: 2F
0-2: Foul Ball, location: 2F
0-2: Ball
1-2: SINGLE (Groundball, 25) (infield hit)
Martín Álvarez to second
Batting: RHB Jerome Wilson 0-0: Called Strike
0-1: Foul Ball, location: 2F
0-2: Strikes out swinging
Batting: RHB Sergio Canales 0-0: Ball
1-0: Foul Ball, location: 2F
1-1: Ball
2-1: Ball
3-1: Foul Ball, location: 2F
3-2: SINGLE (Groundball, 6M)
Martín Álvarez to third
Neal Hart to second
Martín Álvarez scores
Neal Hart to third
Batting: SHB Neil Nash 0-0: Ball
1-0: Ball
2-0: SINGLE (Line Drive, 8LS)
Neal Hart scores
Sergio Canales to second
Batting: RHB Keith MacKey 0-0: Called Strike
0-1: Ball
1-1: Swinging Strike
1-2: Ball
2-2: Strikes out swinging
Bottom of the 2nd over - 2 run(s), 4 hit(s), 0 error(s), 2 left on base; Hamilton 0 - Scranton 2
TOP OF THE 3RD
Hamilton Coyotes batting - Pitching for Scranton Supernovas : RHP Victor Brey
Batting: RHB Sam Horton 0-0: Fly out, F8 (Line Drive, 8RM)
Batting: RHB Rodrigo Pagán 0-0: Ball
1-0: Ground out 2-3 (Groundball, 25)
Batting: RHB Monty Sharp 0-0: Ball
1-0: Ball
2-0: Foul Ball, location: 2F
2-1: Called Strike
2-2: SINGLE (Groundball, 2L) (infield hit)
Batting: RHB Carlos Mercado 0-0: Ball
1-0: Ball
2-0: Fielders Choice at 2nd, 5-4 (Groundball, 5)
Top of the 3rd over - 0 run(s), 1 hit(s), 0 error(s), 0 left on base; Hamilton 0 - Scranton 2
BOTTOM OF THE 3RD
Scranton Supernovas batting - Pitching for Hamilton Coyotes : RHP António Fabián
Batting: LHB Francisco Ortega 0-0: Ground out 4-3 (Groundball, 4M)
Batting: RHB Brad Jacobson 0-0: Called Strike
0-1: Ball
1-1: Ball
2-1: Called Strike
2-2: Fly out, F7 (Line Drive, 7M)
Batting: RHB Martín Álvarez 0-0: Foul Ball, location: 2F
0-1: Ground out 5-3 (Groundball, 5S)
Bottom of the 3rd over - 0 run(s), 0 hit(s), 0 error(s), 0 left on base; Hamilton 0 - Scranton 2
TOP OF THE 4TH
Hamilton Coyotes batting - Pitching for Scranton Supernovas : RHP Victor Brey
Batting: RHB Stan Pierce 0-0: Foul Ball, location: 2F
0-1: Ball
1-1: Ball
2-1: Fly out, F9 (Flyball, 4D)
Batting: RHB Ron Clark 0-0: Ball
1-0: DOUBLE (Flyball, 78D)
Batting: RHB Dan Bernard 0-0: Ball
1-0: Called Strike
1-1: Swinging Strike
1-2: Ball
2-2: Fly out, F6 (Line Drive, 6)
2-2: Lined into DP, 6-4 (Line Drive, 6)
Top of the 4th over - 0 run(s), 1 hit(s), 0 error(s), 0 left on base; Hamilton 0 - Scranton 2
BOTTOM OF THE 4TH
Scranton Supernovas batting - Pitching for Hamilton Coyotes : RHP António Fabián
Batting: RHB Ethan Stanford 0-0: Foul Ball, location: 2F
0-1: Ball
1-1: Ball
2-1: Reached on error, E5 (Groundball, 56)
Batting: LHB Neal Hart 0-0: Fly out, F7 (Line Drive, 7M)
Batting: RHB Jerome Wilson 0-0: SINGLE (Line Drive, 8LM)
Ethan Stanford to second
Batting: RHB Sergio Canales 0-0: Ball
1-0: Foul Ball, location: 2F
1-1: SINGLE (Groundball, 56D)
Ethan Stanford to third
Jerome Wilson to second
Runner from 3rd tries for Home, SAFE, throw made home
Jerome Wilson to third
Sergio Canales to second
Batting: SHB Neil Nash 0-0: Swinging Strike
0-1: Fly out, F6 (Line Drive, 6MD)
0-1: Fly out, F6 (Line Drive, 6MD)
Batting: RHB Keith MacKey 0-0: Called Strike
0-1: Foul Ball, location: 2F
0-2: Ball
1-2: Ball
2-2: Ball
3-2: Foul Ball, location: 2F
3-2: Base on Balls
Batting: LHB Francisco Ortega 0-0: Foul Ball, location: 2F
0-1: Ball
1-1: Foul Ball, location: 2F
1-2: Ball
2-2: Foul Ball, location: 2F
2-2: Ball
3-2: Fly out, F8 (Flyball, 8LM)
Bottom of the 4th over - 1 run(s), 2 hit(s), 1 error(s), 3 left on base; Hamilton 0 - Scranton 3
TOP OF THE 5TH
Hamilton Coyotes batting - Pitching for Scranton Supernovas : RHP Victor Brey
Batting: LHB Lance Schiffer 0-0: Called Strike
0-1: Foul Ball, location: 2F
0-2: Foul Ball, location: 2F
0-2: Ball
1-2: Fly out, F8 (Flyball, 8LM)
Batting: RHB Héctor Rojas 0-0: Ball
1-0: Ball
2-0: Called Strike
2-1: Swinging Strike
2-2: Ball
3-2: Ground out 6-3 (Groundball, 6)
Batting: RHB Sam Horton 0-0: Ball
1-0: Ball
2-0: SINGLE (Groundball, 6MD)
Batting: RHB Rodrigo Pagán 0-0: Ball
1-0: Foul Ball, location: 2F
1-1: Ball
2-1: Fly out, F3 (Popup, 3S)
Top of the 5th over - 0 run(s), 1 hit(s), 0 error(s), 1 left on base; Hamilton 0 - Scranton 3
BOTTOM OF THE 5TH
Scranton Supernovas batting - Pitching for Hamilton Coyotes : RHP António Fabián
Batting: RHB Brad Jacobson 0-0: Fly out, F7 (Flyball, 78M)
Batting: RHB Martín Álvarez 0-0: SOLO HOME RUN (Flyball, 7D), Distance : 400 ft
Batting: RHB Ethan Stanford 0-0: Called Strike
0-1: SINGLE (Flyball, 89S)
Batting: LHB Neal Hart 0-0: Called Strike
0-1: Ball
1-1: Swinging Strike
1-2: Ball
2-2: SINGLE (Groundball, 25) (infield hit)
Ethan Stanford to second
Batting: RHB Jerome Wilson 0-0: Fly out, F8 (Line Drive, 8LM)
Batting: RHB Sergio Canales 0-0: Called Strike
0-1: Ball
1-1: Ball
2-1: SINGLE (Groundball, 3D)
Ethan Stanford to third
Neal Hart to second
Runner from 3rd tries for Home, SAFE, no throw or cutoff
Batting: SHB Neil Nash 0-0: 3-RUN HOME RUN (Flyball, 9D), Distance : 412 ft
Pitching: RHP Larry Gordon
Batting: RHB Keith MacKey 0-0: Swinging Strike
0-1: Foul Ball, location: 2F
0-2: Ball
1-2: Ball
2-2: Fly out, F3 (Popup, 3SF)
Bottom of the 5th over - 5 run(s), 5 hit(s), 0 error(s), 0 left on base; Hamilton 0 - Scranton 8
TOP OF THE 6TH
Hamilton Coyotes batting - Pitching for Scranton Supernovas : RHP Victor Brey
Batting: RHB Monty Sharp 0-0: Called Strike
0-1: Ball
1-1: Ball
2-1: Fly out, F9 (Popup, 9S)
Batting: RHB Carlos Mercado 0-0: Fly out, F7 (Flyball, 7M)
Batting: RHB Stan Pierce 0-0: Called Strike
0-1: SINGLE (Groundball, 4MD)
Batting: RHB Ron Clark 0-0: Called Strike
0-1: Ball
1-1: Fly out, F8 (Flyball, 89M)
Top of the 6th over - 0 run(s), 1 hit(s), 0 error(s), 1 left on base; Hamilton 0 - Scranton 8
BOTTOM OF THE 6TH
Scranton Supernovas batting - Pitching for Hamilton Coyotes : RHP Larry Gordon
Batting: LHB Francisco Ortega 0-0: Ball
1-0: SINGLE (Groundball, 56D)
Batting: RHB Brad Jacobson 0-0: Fly out, F9 (Flyball, 9M)
Batting: RHB Martín Álvarez 0-0: Ball
1-0: Ball
2-0: Called Strike
2-1: Ball
3-1: Base on Balls
Francisco Ortega to second
Batting: RHB Ethan Stanford 0-0: Ball
1-0: Called Strike
1-1: Called Strike
1-2: Foul Ball, location: 2F
1-2: Fly out, F8 (Flyball, 8LXD)
Runner from 2nd tags up, SAFE at 3rd, no throw
Now in CF: Tony Ríos
Batting: LHB Neal Hart 0-0: Called Strike
0-1: Ball
Wild Pitch!
Francisco Ortega scores
Martín Álvarez to second
1-1: Ball
Wild Pitch!
Martín Álvarez to third
2-1: Foul Ball, location: 2F
2-2: Strikes out looking
Bottom of the 6th over - 1 run(s), 1 hit(s), 0 error(s), 1 left on base; Hamilton 0 - Scranton 9
TOP OF THE 7TH
Hamilton Coyotes batting - Pitching for Scranton Supernovas : RHP Victor Brey
Batting: RHB Dan Bernard 0-0: Ball
1-0: Ball
2-0: Called Strike
2-1: Foul Ball, location: 2F
2-2: Fly out, F8 (Flyball, 8LXD)
Batting: LHB Lance Schiffer 0-0: Foul Ball, location: 2F
0-1: Ground out 4-3 (Groundball, 4M)
Batting: RHB Héctor Rojas 0-0: Fly out, F2 (Popup, 2LF)
Top of the 7th over - 0 run(s), 0 hit(s), 0 error(s), 0 left on base; Hamilton 0 - Scranton 9
BOTTOM OF THE 7TH
Scranton Supernovas batting - Pitching for Hamilton Coyotes : RHP Larry Gordon
Batting: RHB Jerome Wilson 0-0: Ball
1-0: Ball
2-0: Fly out, F7 (Line Drive, 7M)
Batting: RHB Sergio Canales 0-0: Swinging Strike
0-1: Fly out, F9 (Flyball, 9LM)
Batting: SHB Neil Nash 0-0: Called Strike
0-1: Swinging Strike
0-2: Strikes out swinging
Bottom of the 7th over - 0 run(s), 0 hit(s), 0 error(s), 0 left on base; Hamilton 0 - Scranton 9
TOP OF THE 8TH
Hamilton Coyotes batting - Pitching for Scranton Supernovas : RHP Victor Brey
Now at 3B: Chris Henderson
Batting: RHB Sam Horton 0-0: Ball
1-0: Ball
2-0: Called Strike
2-1: Swinging Strike
2-2: Foul Ball, location: 2F
2-2: Strikes out swinging
Batting: RHB Rodrigo Pagán 0-0: Foul Ball, location: 2F
0-1: Fly out, F7 (Flyball, 7LS)
Batting: RHB Monty Sharp 0-0: Called Strike
0-1: Fly out, F7 (Flyball, 7M)
Top of the 8th over - 0 run(s), 0 hit(s), 0 error(s), 0 left on base; Hamilton 0 - Scranton 9
BOTTOM OF THE 8TH
Scranton Supernovas batting - Pitching for Hamilton Coyotes : RHP Larry Gordon
Batting: RHB Keith MacKey 0-0: Called Strike
0-1: Swinging Strike
0-2: Foul Ball, location: 2F
0-2: Ball
1-2: Ball
2-2: Strikes out swinging
Pitching: RHP Ángelo Cabrera
Batting: LHB Francisco Ortega 0-0: Called Strike
0-1: Ground out U3 (Groundball, 3S)
Batting: RHB Brad Jacobson 0-0: Called Strike
0-1: Fly out, F7 (Flyball, 78M)
Bottom of the 8th over - 0 run(s), 0 hit(s), 0 error(s), 0 left on base; Hamilton 0 - Scranton 9
TOP OF THE 9TH
Hamilton Coyotes batting - Pitching for Scranton Supernovas : RHP Victor Brey
Now at C: Steven Johnson
Now at SS: Phil Fleming
Now in LF: Bob Ethridge
Batting: RHB Carlos Mercado 0-0: Ball
1-0: Called Strike
1-1: Ball
2-1: Ball
3-1: Base on Balls
Batting: LHB Tony Ríos 0-0: Ball
1-0: Ball
2-0: Fielders Choice at 2nd, 1-6 (Groundball, 23)
Batting: RHB Ron Clark 0-0: Ball
1-0: Ball
2-0: SINGLE (Groundball, 4M)
Tony Ríos to second
Batting: RHB Dan Bernard 0-0: Called Strike
0-1: Called Strike
0-2: Foul Ball, location: 2F
0-2: Ball
1-2: Ball
2-2: Foul Ball, location: 2F
2-2: Foul Ball, location: 2F
2-2: Fly out, F3 (Popup, 13S)
Pitching: LHP Raúl Melro
Batting: LHB Lance Schiffer 0-0: Swinging Strike
0-1: Ball
1-1: Swinging Strike
1-2: Ball
2-2: Strikes out swinging
Top of the 9th over - 0 run(s), 1 hit(s), 0 error(s), 2 left on base; Hamilton 0 - Scranton 9
This league is powered by Out of the Park Baseball, the baseball management simulation game for PC, Mac and Linux
Friday, July 8th, 2016 - OOTP Baseball 16.9 Build 39